 Dungeon Crawl Stone Soup version 0.30.1 (webtiles) character file.

Game seed: 8325635911081227757

135 Heoruswealwe the Shooter (level 4, -2/38 HPs)
             Began as a Demigod Hunter on July 5, 2023.
             Slain by a water moccasin (8 damage)
             ... in a sewer.
             The game lasted 00:17:22 (2039 turns).

Heoruswealwe the Shooter (Demigod Hunter)           Turns: 2039, Time: 00:17:23

Health: -2/38      AC:  3    Str: 12    XL:     4   Next: 66%
Magic:  6/6        EV: 12    Int: 11    God:
Gold:   151        SH:  0    Dex: 21    Spells: 3/3 levels left

rFire   . . .        a - +0 shortbow
rCold   . . .        (shield currently unavailable)
rNeg    . . .        c - +0 leather armour
rPois   .            (no helmet)
rElec   .            (no cloak)
rCorr   .            (no gloves)
SInv    .            (no boots)
Will    .....        (no amulet)
Stlth   ++           (no ring)
HPRegen 0.26/turn    (no ring)
MPRegen 0.10/turn

%: no passive effects
@: lethally poisoned (-2 -> -5)
A: high MP 1, forlorn, divine attributes
a: no special abilities


You were in a sewer.
You visited 1 branch of the dungeon, and saw 4 of its levels.
You also visited: Sewer.

You collected 151 gold pieces.

Inventory:

Hand Weapons
 a - a +0 shortbow (weapon)
 l - a +0 war axe
Armour
 c - a +0 leather armour (worn)
 m - the +1 robe of Gozag's Pride {rC+ rN+ Regen+}
   (You found it on level 4 of the Dungeon)

   rC:        It protects you from cold.
   rN:        It protects you from negative energy.
   Regen:     It increases your rate of health regeneration.
Jewellery
 p - a ring of protection from cold
Scrolls
 b - a scroll of immolation
 d - 2 scrolls of fear {unknown}
 f - 4 scrolls of identify {unknown}
 g - 2 scrolls of amnesia {unknown}
 i - a scroll of brand weapon {unknown}
 k - a scroll of teleportation {unknown}
Potions
 e - 2 potions of curing {unknown}
 h - a potion of degeneration {unknown}
 j - a potion of flight {unknown}
 n - a potion of ambrosia {unknown}
 o - a potion of heal wounds {unknown}


   Skills:
 + Level 3.5 Fighting
 + Level 4.8 Ranged Weapons
 - Level 1.7 Dodging
 - Level 0.8 Stealth


You had 3 spell levels left.
You didn't know any spells.
Your spell library contained the following spells:

 Spells                   Type           Power      Damage    Failure   Level
 Blink                    Tloc           0%         N/A       56%         2
 Ensorcelled Hibernation  Hex/Ice        0%         N/A       56%         2
 Lesser Beckoning         Tloc           0%         N/A       56%         2
 Momentum Strike          Conj/Tloc      0%         3d8       56%         2
 Passwall                 Tmut/Erth      0%         N/A       56%         2
 Swiftness                Air            0%         N/A       80%         3


Dungeon Overview and Level Annotations

Branches:
Dungeon (4/15)              Sewer (1/1)
 Temple: D:4-7


Innate Abilities, Weirdness & Mutations

You have an increased reservoir of magic. (+10% MP)
You shall have no god before yourself.
Your divine heritage dramatically boosts your attributes as you level up.


Message History

The water moccasin closely misses you. The water moccasin bites you.
You are poisoned.
The water moccasin poisons you!
You shoot an arrow.
The arrow barely misses the water moccasin.
You feel very sick. The water moccasin misses you. x2
You shoot an arrow. The arrow hits the water moccasin!
The water moccasin is severely wounded.
You feel very sick. The water moccasin barely misses you.
The water moccasin bites you.
You are too injured to fight recklessly!
Fire: a) +0 shortbow
Press: ? - help, Q - select action Shift-Dir - straight line, f/p - water moccasin
Aim: a water moccasin (severely wounded, 50% to hit)
You shoot an arrow. The arrow hits the water moccasin!
The water moccasin is almost dead.
You feel very sick.
The water moccasin barely misses you. x2
Fire: a) +0 shortbow
Press: ? - help, Q - select action Shift-Dir - straight line, f/p - water moccasin
Aim: a water moccasin (almost dead, 50% to hit)
You shoot an arrow. The arrow misses the water moccasin.
You feel sick. The water moccasin misses you.
Fire: a) +0 shortbow
Press: ? - help, Q - select action Shift-Dir - straight line, f/p - water moccasin
Aim: a water moccasin (almost dead, 50% to hit)
You shoot an arrow.
The arrow barely misses the water moccasin.
You feel sick.
The water moccasin bites you but does no damage. x2
Fire: a) +0 shortbow
Press: ? - help, Q - select action Shift-Dir - straight line, f/p - water moccasin
Aim: a water moccasin (almost dead, 50% to hit)
You shoot an arrow.
The arrow barely misses the water moccasin.
You feel sick.
The water moccasin bites you but does no damage.
The water moccasin bites you!
You die...

##.~###~.#
#..~# ...#
#~.## #..#
#.~# ..#
#..# .#
#..##
#...#
##..##
#.@.#
##S....#
#..~..#
##..~##
.~.# #.#.
.#?) ## ##


You could see a water moccasin.

Vanquished Creatures
  5 adders
  An ufetubus (D:4)
  A worm (D:2)
  A dart slug (D:1)
  An orc (D:3)
  A ball python (D:3)
  13 bats
  5 endoplasms
  7 giant cockroaches
  7 goblins
  5 hobgoblins
  5 jackals (Sewer)
  5 quokkas
  4 frilled lizards
  6 kobolds
  3 rats
70 creatures vanquished.

Notes
Turn   | Place    | Note
-------+----------+-------------------------------------------
     0 | D:1      | Heoruswealwe the Demigod Hunter began the quest for the
                  | Orb.
     0 | D:1      | Reached XP level 1. HP: 17/17 MP: 3/3
   269 | D:1      | Reached XP level 2. HP: 24/24 MP: 4/4
   471 | D:1      | Reached skill level 4 in Ranged Weapons
   867 | D:2      | Reached XP level 3. HP: 30/30 MP: 5/5
  1582 | D:3      | You fall into a shaft and drop 1 floor!
  1609 | D:4      | Identified the +1 robe of Gozag's Pride {rC+ rN+ Regen+}
  1702 | D:4      | Reached XP level 4. HP: 38/38 MP: 6/6
  1965 | D:3      | Found a glowing drain.
  1976 | Sewer    | Entered a sewer
  2029 | Sewer    | Noticed a water moccasin
  2039 | Sewer    | Slain by a water moccasin

Illustrated notes

Levels and vault maps discovered:
D:1:      evilmike_arrival_rings, layout_loops_ring
D:2:      minmay_general_purpose_star, layout_loops_cross
D:3:      layout_rooms, grunt_temple_overflow_open, gup_sewer_entry_pipe
D:4:      layout_layer_cave, serial_undead, serial_undead_b, serial_undead_d,
          serial_undead_e, serial_undead_f, reono_crystal_passage,
          kennysheep_generic_room_8
Sewer:    sewer_the_moccasin

Skill      XL: |  1  2  3 |
---------------+----------+-----
Fighting       | 2 3 |  3.5
Ranged Weapons | 4 |  4.8
Dodging        | |  1.7
Stealth        | |  0.8

Action                     |  1- 3 |  4- 6 || total
---------------------------+-------+-------++-------
   Fire: Shortbow          |   115 |    94 ||   209
 Armour: Leather armour    |    17 |    22 ||    39
  Dodge: Dodged            |    48 |    53 ||   101
